 Dungeon Crawl Stone Soup version 0.24.1 (webtiles) character file.

Game seed: 13215980977374722121, levelgen mode: deterministic

1684 alkexr the Covert (level 8, -5/78 HPs)
             Began as a Vampire Necromancer on Mar 28, 2020.
             Killed from afar by a centaur (9 damage)
             ... with an iceblast
             ... on level 6 of the Dungeon.
             The game lasted 00:35:30 (6390 turns).

alkexr the Covert (Vampire Necromancer)             Turns: 6390, Time: 00:35:30

Health: -5/78      AC: 24    Str:  7    XL:     8   Next: 71%
Magic:  6/16       EV:  2    Int: 20    God:
Gold:   140        SH:  0    Dex: 14    Spells: 7/18 levels left

rFire    . . .     SeeInvis +   A - +3 quarterstaff (chaos)
rCold    . . .     Gourm    .   (shield currently unavailable)
rNeg     + + +     Faith    .   (armour currently unavailable)
rPois    +         Spirit   .   (helmet currently unavailable)
rElec    .         Reflect  .   (cloak currently unavailable)
rCorr    .         Harm     .   (gloves currently unavailable)
MR       .....     NoTele   +   (boots currently unavailable)
Stlth    ++++......             t - amulet of regeneration
HPRegen  0.83/turn              x - ring of poison resistance
MPRegen  0.15/turn              (no ring)

@: tree-form, regenerating quickly
A: no food, see invisible
a: Exsanguinate


You were on level 6 of the Dungeon.
You were alive.
You were a tree.
You visited 1 branch of the dungeon, and saw 6 of its levels.

You collected 318 gold pieces.
You spent 178 gold pieces at shops.

Inventory:

Hand Weapons
 z - a +1 whip of flaming
 A - a +3 quarterstaff of chaos (weapon)
 G - a +0 long sword
Missiles
 F - 33 poisoned darts (quivered)
Armour
 a - a +0 robe
 d - a +0 pair of gloves (melded)
 f - a +0 helmet (melded)
 y - a +0 buckler
 B - a +0 cloak (melded)
 H - a cursed +0 robe (melded)
Jewellery
 t - an amulet of regeneration (around neck)
 x - a ring of poison resistance (left branch)
Wands
 j - a wand of polymorph (7)
 s - a wand of iceblast (7)
Scrolls
 b - a scroll of enchant weapon
 c - a scroll of teleportation {unknown}
 e - 2 scrolls of remove curse {unknown}
 g - a scroll of fear {unknown}
 h - 2 scrolls of amnesia
 l - 2 scrolls of fog {unknown}
 o - a scroll of enchant armour {unknown}
 p - a scroll of immolation
 r - 3 scrolls of identify
 w - a scroll of blinking {unknown}
 E - a scroll of brand weapon {unknown}
Potions
 i - a potion of lignification
 k - a potion of heal wounds {unknown}
 m - a potion of mutation {unknown}
 n - a potion of invisibility {unknown}
 q - 2 potions of curing {unknown}
 u - 2 potions of degeneration {unknown}
 v - a potion of magic {unknown}
 C - 2 potions of haste {unknown}
 D - a potion of agility {unknown}
 I - 2 potions of might


   Skills:
 + Level 6.2 Dodging
 - Level 8.0 Stealth
 + Level 5.7 Spellcasting
 * Level 1.9 Hexes
 + Level 7.8 Necromancy


You had 7 spell levels left.
You knew the following spells:

 Your Spells              Type           Power        Failure   Level  Hunger
a - Pain                  Necr           ####         1%          1    N/A
e - Confuse               Hex            ##......     14%         3    N/A
t - Vampiric Draining     Necr           #####.....   1%          3    N/A
w - Animate Dead          Necr           N/A          4%          4    N/A

Your spell library contained the following spells:

 Spells                   Type           Power        Failure   Level  Hunger
 Animate Skeleton         Necr           N/A          1%          1    N/A
 Confusing Touch          Hex            ##....       4%          1    N/A
 Regeneration             Chrm/Necr      ###.......   6%          3    N/A
 Gell's Gravitas          Tloc           #.........   32%         3    N/A
 Petrify                  Tmut/Erth      #.......     71%         4    N/A
 Metabolic Englaciation   Hex/Ice        #.........   90%         5    N/A
 Yara's Violent Unravell  Hex/Tmut       #.........   90%         5    N/A

Dungeon Overview and Level Annotations

Branches:
Dungeon (6/15)
 Temple: D:4-7

Altars:
Dithmenos
Ru
Trog

Shops:
D:6 (

Annotations:
D:4 3 runed translucent doors, kandel6's ghost, amateur BaSu
D:6 Edmund


Innate Abilities, Weirdness & Mutations

You do not eat.
Your natural rate of healing is unusually fast.
((You have razor-sharp teeth.))
You have supernaturally acute eyesight. (SInv)
((You can survive without breathing.))


Message History

* * * LOW HITPOINT WARNING * * *
The iceblast engulfs Edmund!
You hear a shout!
You hear an angry hiss.
You hear a shout!
It was a potion of lignification.
You turn into a tree.
Your +0 cloak melds into your body.
Your +0 helmet melds into your body.
Your +0 pair of gloves melds into your body.
Your cursed +0 robe melds into your body.
Your roots penetrate the ground.
The centaur shoots an arrow.
The arrow hits you.
* * * LOW HITPOINT WARNING * * *
Edmund hits you but does no damage.
Casting: Confuse (safe; 14% risk of failure)
Confirm with . or Enter, or press ? or * to list all spells.
Aiming: Confuse (safe; 14% risk of failure)
Press: ? - help, Shift-Dir - straight line, f/p - Edmund
Aim: Edmund, wielding a +1 dire flail of protection and wearing a +0 scale mail (moderately wounded, chance to defeat MR: 44%) Edmund resists with some effort.
The centaur shoots an arrow.
The arrow hits you but does no damage. Edmund hits you but does no damage.
The centaur zaps a wand.
The mass of ice explodes!
The iceblast engulfs you!
You die...

#..###.. ... #..##.. ...
#..##.##.##.###
#######.#c#.#.##....
.............# #...
#######.###.####.# #'# #.#
#...#..# #.# #####.#
#.#....###.#
#.Z...###.#♣##.'..o. #.
#.######...@...# ### ...
#.######..#.##.# ### ..
#...Z>....#.##Z#######.#
#######...#.##.Z.......#
########...#.#######.####
(....[.>...#.# #.#
.[######.#.#.# #.#
..#####...#.#######.####.##


You could see Edmund and a centaur.

Vanquished Creatures
  Pikel (D:3)
  2 water moccasins (D:5)
  A phantom (D:4)
  A centaur (D:5)
  2 bullfrogs
  A scorpion (D:5)
  2 howler monkeys (D:5)
  A crimson imp (D:6)
  A bullfrog skeleton (D:5)
  2 orc wizards
  Crazy Yiuf (D:4)
  Natasha (thrice) (D:2)
  Terence (D:2)
  6 worker ants
  A hound skeleton (D:5)
  5 adders
  7 gnolls
  A howler monkey skeleton (D:4)
  An adder zombie (D:6)
  A dart slug (D:1)
  A leopard gecko (D:3)
  18 orcs
  7 bats
  6 giant cockroaches
  6 hobgoblins
  11 jackals
  3 quokkas
  9 frilled lizards
  3 goblins
  8 kobolds
  4 rats
117 creatures vanquished.

Vanquished Creatures (collateral kills)
  A bullfrog skeleton (D:4)
  An adder (D:3)
  A shadow imp (D:5)
  2 jackals (D:3)
  A quokka skeleton (D:4)
6 creatures vanquished.

Vanquished Creatures (others)
  A slave (D:4)
  2 adders (D:4)
3 creatures vanquished.

Grand Total: 126 creatures vanquished

Notes
Turn   | Place    | Note
-------+----------+-------------------------------------------
     0 | D:1      | alkexr the Vampire Necromancer began the quest for the Orb.
     0 | D:1      | Reached XP level 1. HP: 13/13 MP: 3/3
   212 | D:1      | Reached XP level 2. HP: 19/19 MP: 1/5
   388 | D:1      | Reached skill level 5 in Necromancy
  1045 | D:1      | Reached XP level 3. HP: 24/24 MP: 4/6
  1228 | D:2      | Learned a level 3 spell: Vampiric Draining
  1600 | D:3      | Reached XP level 4. HP: 14/30 MP: 0/7
  1987 | D:3      | Reached skill level 4 in Stealth
  2260 | D:3      | Learned a level 4 spell: Animate Dead
  3153 | D:2      | Noticed Natasha
  3160 | D:2      | Killed Natasha
  3160 | D:2      | Reached XP level 5. HP: 17/35 MP: 1/9
  3224 | D:2      | Noticed Natasha
  3229 | D:2      | Killed Natasha
  3382 | D:2      | Noticed Natasha
  3387 | D:2      | Killed Natasha
  3387 | D:2      | Reached skill level 5 in Stealth
  3401 | D:2      | Noticed Terence
  3465 | D:2      | Killed Terence
  3471 | D:2      | Reached XP level 6. HP: 8/41 MP: 0/11
  3963 | D:4      | Found a shadowy altar of Dithmenos.
  4104 | D:4      | Noticed Pikel
  4104 | D:4      | Noticed a slave
  4104 | D:4      | Noticed a slave
  4104 | D:4      | Noticed a slave
  4104 | D:4      | Noticed a slave
  4170 | D:3      | Killed Pikel
  4170 | D:3      | Reached skill level 5 in Dodging
  4170 | D:3      | Reached skill level 7 in Stealth
  4170 | D:3      | Reached XP level 7. HP: 37/46 MP: 0/13
  4293 | D:4      | Found a runed translucent door.
  4294 | D:4      | Noticed Crazy Yiuf
  4302 | D:4      | Killed Crazy Yiuf
  4512 | D:4      | Found a bloodstained altar of Trog.
  4530 | D:4      | Found a runed translucent gate.
  4530 | D:4      | Found a runed translucent gate.
  4532 | D:4      | Found a runed translucent gate.
  4533 | D:4      | Noticed a hungry ghost
  4533 | D:4      | Noticed kandel6's ghost (amateur BaSu)
  4600 | D:5      | Entered Level 5 of the Dungeon
  4608 | D:5      | Reached XP level 8. HP: 50/52 MP: 6/14
  4886 | D:5      | Reached skill level 8 in Stealth
  4954 | D:5      | Reached skill level 5 in Spellcasting
  6009 | D:6      | Found a sacrificial altar of Ru.
  6025 | D:6      | Learned a level 3 spell: Confuse
  6069 | D:6      | Found Teggiup's Antique Weapon Shoppe.
  6082 | D:6      | Bought a steaming trident for 178 gold pieces
  6082 | D:6      | Identified the cursed +2 trident of Cowardice {holy,
                  | *Corrode rC+ rN++ SInv} (You bought it in a shop on level 6
                  | of the Dungeon)
  6216 | D:6      | Reached skill level 1 in Hexes
  6233 | D:6      | Noticed Edmund
  6388 | D:6      | HP: 2/52 [centaur/iceblast (14)]
  6390 | D:6      | Killed from afar by a centaur

Levels and vault maps discovered:
D:1:      zaba_arrival_water, layout_loops_ring, serial_forest,
          infiniplex_forest_zigzag_1, infiniplex_forest_straight_2,
          infiniplex_forest_fountain, infiniplex_forest_lined_2,
          infiniplex_forest_clump_curved, infiniplex_forest_clump_C,
          infiniplex_forest_clump_long, infiniplex_forest_straight_2
D:2:      layout_basic, first_ration, uniq_natasha, uniq_terence
D:3:      layout_loops_corners
D:4:      layout_gridville, nicolae_dithmenos_shadow_blocks, kennysheep_mini,
          gammafunk_ghost_split, uniq_pikel, uniq_crazy_yiuf_cottage
D:5:      layout_basic, nrook_uturn
D:6:      cheibrodos_quashed, layout_loops_ring, lemuel_doored_altar,
          serial_shops, nicolae_shop_statue_plus, uniq_edmund

Skill      XL: |  1  2  3  4  5  6  7  8 |
---------------+-------------------------+-----
Necromancy     | 5 6 7 |  7.8
Stealth        | 4 5 7 8 |  8.0
Dodging        | 3 5 6 |  6.2
Spellcasting   | 3 4 5 |  5.7
Hexes          | 1 |  1.9

Action                   |  1- 3 |  4- 6 |  7- 9 || total
-------------------------+-------+-------+-------++-------
Melee: Unarmed           |   148 |    45 |       ||   193
       Bite              |    23 |     5 |     4 ||    32
       Quarterstaff      |       |       |    53 ||    53
 Cast: Pain              |    54 |   115 |    92 ||   261
       Vampiric Draining |     2 |     1 |       ||     3
       Animate Dead      |       |     4 |    16 ||    20
       Confuse           |       |       |     6 ||     6
  Use: Scroll            |       |     4 |     1 ||     5
       Potion            |       |       |     2 ||     2
 Stab: Sleeping          |     1 |       |     1 ||     2
       Distracted        |       |     1 |       ||     1
       Confused          |       |       |     1 ||     1
Armor: Robe              |    11 |    11 |    13 ||    35
       Skin              |       |       |     3 ||     3
Dodge: Dodged            |    25 |    69 |    87 ||   181
